 Dungeon Sprint DCSS version 0.26.1-11-gd32895ea62 (webtiles) character file.

Game seed: 5659497865900036264

2163 Zeld the Severer (level 9, -6/86 HPs)
             Began as a Minotaur Berserker on June 8, 2021.
             Was a Priest of Trog.
             Mangled by a tentacle (8 damage)
             ... attached to a kraken
             ... in the Dungeon (Sprint II: "The Violet Keep of Menkaure").
             The game lasted 00:05:55 (1621 turns).

Zeld the Severer (Minotaur Berserker)               Turns: 1621, Time: 00:05:56

Health: -6/86      AC:  5    Str: 25    XL:     9   Next: 10%
Magic:  8/8        EV: 16    Int:  4    God:    Trog [***...]
Gold:   196        SH:  0    Dex: 10    Spells: 8/8 levels left

rFire    . . .     SeeInvis +   a - +5 executioner's axe (flame)
rCold    . . .     Faith    .   (shield currently unavailable)
rNeg     . . .     Spirit   .   i - +0 leather armour
rPois    .         Reflect  .   (helmet restricted)
rElec    .         Harm     .   (no cloak)
rCorr    .         Rampage  .   y - +0 pair of gloves
Will     .....     NoTele   +   (no boots)
Stlth    +.........             (no amulet)
HPRegen  0.24/turn              j - ring of see invisible
MPRegen  0.11/turn              (no ring)

@: no status effects
A: retaliatory headbutt, horns 2
a: Renounce Religion, Berserk, Trog's Hand


You were in the Dungeon.
You worshipped Trog.
Trog was most pleased with you.
You visited 1 branch You collected 1168 gold pieces.
You spent 972 gold pieces at shops.

Inventory:

Hand Weapons
 a - a +5 executioner's axe of flaming (weapon)
Armour
 i - a +0 leather armour (worn)
 y - a +0 pair of gloves (worn)
Jewellery
 j - a ring of see invisible (left hand)
Scrolls
 h - 2 scrolls of blinking
 m - 2 scrolls of fear
 t - 6 scrolls of remove curse
Potions
 c - 8 potions of curing
 d - 4 potions of heal wounds
 e - a potion of haste
 f - 6 potions of magic
 g - a potion of berserk rage
 n - a potion of ambrosia
 o - a potion of might
 q - a potion of mutation {unknown}
 s - 4 potions of flight {unknown}
 x - 3 potions of resistance {unknown}


   Skills:
 - Level 10.6 Fighting
 * Level 16.9 Axes
 - Level 10.2 Armour
 - Level 9.4 Dodging


You had 8 spell levels left.
You didn't know any spells.
Your spell library was empty.

Dungeon Overview and Level Annotations

Branches:
Dungeon (1/1)

Altars:
Cheibriados
Dithmenos
Elyvilon
Fedhas
Gozag
Hepliaklqana
Kikubaaqudgha
Makhleb
Nemelex Xobeh
Okawaru
Qazlal
Ru
Sif Muna
Trog
Uskayaw
Vehumet
Wu Jian
Xom
Yredelemnul
Zin
The Shining One
Beogh
Jiyva
Lugonu

Shops:
D *[:(:[!}(=![[=?

Annotations:
D exclusions: oklob plant and orange crystal statue


Innate Abilities, Weirdness & Mutations

You reflexively headbutt those who attack you in melee.
You have a pair of horns on your head.


Message History

Unknown command.
You are too injured to fight recklessly!
You are too injured to fight recklessly!
Unknown command.
You are too injured to fight recklessly!
You swap places.
Your ogre hits the tentacle with a cursed -3 giant club!!
The tentacle slaps your ogre!! The tentacle slaps your ogre!
Your ogre dies!
Your ogre's corpse disappears in a puff of smoke!
The tentacle slaps you!
* * * LOW HITPOINT WARNING * * *
Unknown command.
The tentacle slaps you!!
* * * LOW HITPOINT WARNING * * *
You see here 12 stones.
You feel much better. The tentacle slaps you!!
* * * LOW HITPOINT WARNING * * *
The tentacle slaps you!
You die...

#○.○▓▓▓▓▓▓▓▓▓▓
#°..▓≈≈§§≈≈§≈▓▓
#○"▓▓▓▓▓▓▓▓▓▓▓
#}|▓.(.(.(..▓▓
#:|▓.....(..▓▓
+.####[}▓[)!!....▓▓
...####▓.[().(([▓▓
#..##.#▓...)...(▓▓
+..#..#▓(...(.@.▓▓
#..#..#▓).)..w..▓▓
###..##.#▓))(..│..▓▓
.###..)##▓▓▓▓▓▓▓\▓▓▓▓+▓
...≈≈≈≈((≈≈≈≈≈≈≈.──Xw≈▓
...≈#'########+###ww≈≈▓
≈..≈#....._._#§§≈##≈≈≈▓
≈≈.≈#...._._.#≈§≈§####▓
§≈≈≈#..._._._#§§≈§§


You could see a kraken and 3 tentacles.

Vanquished Creatures
  A merfolk siren (D)
  2 polar bears (D)
  4 neqoxecs (D)
  Menkaure (D)
  4 necrophages (D)
  A scorpion (D)
  3 worms (D)
16 creatures vanquished.

Vanquished Creatures (collateral kills)
  A yaktaur (D)
  A polar bear (D)
  A hornet (D)
3 creatures vanquished.

Vanquished Creatures (others)
  A water moccasin (D)
  4 tentacles (D)
5 creatures vanquished.

Grand Total: 24 creatures vanquished

Notes
Turn   | Place    | Note
-------+----------+-------------------------------------------
     0 | D        | Zeld the Minotaur Berserker began the quest for the Orb.
     0 | D        | Reached XP level 1. HP: 19/19 MP: 0/0
     1 | D        | Noticed a necrophage
     1 | D        | Noticed a necrophage
     1 | D        | Noticed a necrophage
     1 | D        | Noticed a necrophage
     8 | D        | Killed a necrophage
     9 | D        | Reached skill level 10 in Axes
     9 | D        | Reached XP level 2. HP: 25/26 MP: 1/1
     9 | D        | Reached XP level 3. HP: 30/31 MP: 2/2
     9 | D        | Reached XP level 4. HP: 38/39 MP: 3/3
    13 | D        | Killed a necrophage
    14 | D        | Reached skill level 13 in Axes
    14 | D        | Reached XP level 5. HP: 45/45 MP: 4/4
    17 | D        | Killed a necrophage
    17 | D        | Reached ** piety under Trog
    18 | D        | Reached skill level 14 in Axes
    18 | D        | Reached XP level 6. HP: 52/53 MP: 5/5
    21 | D        | Reached skill level 5 in Fighting
    21 | D        | Reached skill level 5 in Armour
    98 | D        | Reached *** piety under Trog
    99 | D        | Killed a water moccasin
   117 | D        | Noticed a neqoxec
   117 | D        | Noticed a neqoxec
   117 | D        | Noticed a neqoxec
   117 | D        | Noticed a neqoxec
   120 | D        | Killed a neqoxec
   121 | D        | Reached skill level 5 in Dodging
   123 | D        | Killed a neqoxec
   124 | D        | Reached XP level 7. HP: 67/67 MP: 6/6
   133 | D        | Killed a neqoxec
   133 | D        | Reached **** piety under Trog
   146 | D        | Killed a neqoxec
   229 | D        | Noticed an orange crystal statue
   242 | D        | Noticed a merfolk siren
   248 | D        | Killed a merfolk siren
   249 | D        | Reached skill level 10 in Fighting
   249 | D        | Reached XP level 8. HP: 79/79 MP: 7/7
   351 | D        | Found Ocvaxoosch's Distillery.
   351 | D        | Found Teddoit's Armour Shop.
   352 | D        | Found Cuomir's Antique Weapon Boutique.
   352 | D        | Found Unta's Jewellery Boutique.
   353 | D        | Found Pobyurr's Gadget Boutique.
   353 | D        | Found Aggaps's Magic Scroll Shop.
   353 | D        | Found Zebrolo's Distillery.
   354 | D        | Found Lief's Antique Armour Shop.
   354 | D        | Found Etifuefo's Book Boutique.
   354 | D        | Found Odghilihu's Jewellery Boutique.
   354 | D        | Noticed a hell hog
   368 | D        | Found Ydonel's Antique Armour Boutique.
   372 | D        | Found Joashaub's Weapon Shop.
   372 | D        | Noticed Menkaure
   372 | D        | Noticed a hell hog
   372 | D        | Noticed an oklob plant
   372 | D        | Noticed a death yak
   390 | D        | Killed Menkaure
   390 | D        | Reached ***** piety under Trog
   390 | D        | Received a gift from Trog
   391 | D        | Reached skill level 10 in Armour
   642 | D        | Found Akhlyp's Antique Armour Shop.
   642 | D        | Found Rotzal's Assorted Antiques.
   642 | D        | Found Jeok's Book Shoppe.
   647 | D        | Bought an uncursed ring of see invisible for 195 gold
                  | pieces
   655 | D        | Bought a red potion for 19 gold pieces
   655 | D        | Bought a scroll labelled YLETYKASCHI for 22 gold pieces
   655 | D        | Bought a scroll labelled ECZIBROTAF for 22 gold pieces
   655 | D        | Bought a scroll labelled YLETYKASCHI for 22 gold pieces
   655 | D        | Bought a scroll labelled YLETYKASCHI for 22 gold pieces
   655 | D        | Bought a scroll labelled DONAESABLO for 22 gold pieces
   655 | D        | Bought a potion of heal wounds for 110 gold pieces
   661 | D        | Noticed a slime creature
   662 | D        | Noticed a slime creature
   665 | D        | Bought a potion of ambrosia for 80 gold pieces
   665 | D        | Bought a potion of curing for 30 gold pieces
   665 | D        | Bought a potion of heal wounds for 50 gold pieces
   665 | D        | Bought a potion of heal wounds for 50 gold pieces
   665 | D        | Bought a potion of curing for 30 gold pieces
   665 | D        | Bought 2 potions of curing for 60 gold pieces
   671 | D        | Bought 2 potions of heal wounds for 140 gold pieces
   671 | D        | Bought a potion of might for 56 gold pieces
   671 | D        | Bought a potion of curing for 42 gold pieces
   920 | D        | Found a snail-covered altar of Cheibriados.
   921 | D        | Found a shadowy altar of Dithmenos.
   921 | D        | Found a roughly hewn altar of Beogh.
   921 | D        | Found a viscous altar of Jiyva.
   922 | D        | Found a white marble altar of Elyvilon.
   922 | D        | Found an ancient bone altar of Kikubaaqudgha.
   923 | D        | Found a blossoming altar of Fedhas.
   923 | D        | Found a corrupted altar of Lugonu.
   923 | D        | Found a shimmering blue altar of Sif Muna.
   923 | D        | Found a hazy altar of Hepliaklqana.
   923 | D        | Found a sacrificial altar of Ru.
   924 | D        | Found an opulent altar of Gozag.
   924 | D        | Found a burning altar of Makhleb.
   924 | D        | Found a bloodstained altar of Trog.
   924 | D        | Found a shimmering altar of Xom.
   937 | D        | Found a sparkling altar of Nemelex Xobeh.
   937 | D        | Found a hide-covered altar of Uskayaw.
   938 | D        | Found an iron altar of Okawaru.
   938 | D        | Found a radiant altar of Vehumet.
   938 | D        | Found a glowing silver altar of Zin.
   938 | D        | Found a basalt altar of Yredelemnul.
   938 | D        | Noticed a polar bear
   938 | D        | Noticed a polar bear
   939 | D        | Noticed a yaktaur
   939 | D        | Noticed a hornet
   939 | D        | Noticed a polar bear
   951 | D        | Killed a polar bear
   952 | D        | Reached skill level 15 in Axes
   954 | D        | Killed a polar bear
   961 | D        | Killed a polar bear
   961 | D        | Killed a hornet
   962 | D        | Reached skill level 16 in Axes
   962 | D        | Reached XP level 9. HP: 38/86 MP: 8/8
   964 | D        | Killed a yaktaur
  1053 | D        | Found a stormy altar of Qazlal.
  1053 | D        | Found an ornate altar of the Wu Jian Council.
  1053 | D        | Found a glowing golden altar of the Shining One.
  1171 | D        | Noticed a kraken
  1621 | D        | HP: 2/86 [tentacle[a kraken] (27)]
  1621 | D        | Mangled by a tentacle

Illustrated notes

Levels and vault maps discovered:
D:        the_violet_keep_of_menkaure [sprint2_stairs_cluster_1,
          sprint2_shoproom, sprint2_temple, sprint2_basic_supplies,
          sprint2_obstacle_4, sprint2_obstacle_3, sprint2_obstacle_5,
          sprint2_obstacle_6, sprint2_obstacle_2, sprint2_timed_cluster_1,
          sprint2_smallroom_cluster_1, sprint2_smallroom_final_cluster_1,
          sprint2_transparent_cluster_1, sprint2_second_timed_cluster_1,
          sprint2_sniper_area_1, sprint2_heavy_combat_area_1,
          sprint2_mutation_trap_area_1, sprint2_forest_area_1,
          sprint2_light_combat_area_1, sprint2_behind_water_1,
          sprint2_near_end_vault_1]

Skill      XL: |  1  2  3  4  5  6  7  8 |
---------------+-------------------------+-----
Axes           | 10 13 14 16 | 16.9
Fighting       | 4 7 10 | 10.6
Armour         | 3 7 9 10 | 10.2
Dodging        | 3 6 9 |  9.4

Action                   |  1- 3 |  4- 6 |  7- 9 || total
-------------------------+-------+-------+-------++-------
Melee: Hand axe          |     6 |    23 |    33 ||    62
       Headbutt          |       |     4 |     9 ||    13
       Executioner's axe |       |       |    15 ||    15
Invok: Berserk           |     1 |     1 |     3 ||     5
       Brothers in Arms  |       |       |     2 ||     2
  Use: Potion            |       |       |     4 ||     4
       Scroll            |       |       |     9 ||     9
Armor: Animal skin       |       |     3 |     7 ||    10
Dodge: Dodged            |     1 |     6 |    45 ||    52
